Map: Equilibrium LE

Players

SubN - Winner!

  • Race: Zerg Zerg
  • League: Diamond
  • Spawn Location: 11:00

SHIAMYR

  • Race: Zerg Zerg
  • League: Diamond
  • Spawn Location: 1:00

VOD

Have the link to the VOD?

Description

Time

  • Played on: Jan. 4, 2024, 6:09 p.m.
  • Length: 13:38
Show
View Real Time Build Order
Export as new Build Order

SubN Zerg - Winner!

Build Orders: Hatch First 

Get SALT Encoding   

  12  0:00  Drone  
  13  0:12  Overlord  
  13  0:16  Drone  
  14  0:30  Drone x2  
  16  0:50  Hatchery  
  16  0:51  Drone  
  16  0:54  Drone  
  17  0:57  Drone  
  18  1:05  Extractor  
  17  1:14  Spawning Pool  
  17  1:16  Drone  
  17  1:20  Drone  
  18  1:27  Drone  
  19  1:38  Overlord  
  19  1:53  Drone  
  20  2:01  Queen  
  20  2:02  Queen  
  20  2:05  Zergling x4  
  26  2:22  Drone x3  
  29  2:23  Metabolic Boost  
  29  2:26  Drone  
  30  2:33  Overlord  
  30  2:39  Drone  
  30  2:42  Queen  
  33  2:45  Drone  
  33  2:46  Drone  
  35  2:53  Overlord  
  35  3:07  Drone x3  
  38  3:15  Overlord x3, Roach Warren  
  37  3:21  Queen  
  37  3:25  Drone  
  40  3:29  Extractor  
  40  3:30  Drone x3  
  42  3:40  Zergling x2  
  42  3:41  Zergling x2  
  44  3:56  Roach x4  
  52  4:03  Roach  
  52  4:06  Roach  
  56  4:10  Roach  
  56  4:23  Drone x7  
  58  4:26  Extractor  
  58  4:29  Evolution Chamber  
  56  4:33  Evolution Chamber  
  56  4:37  Hatchery  
  54  4:41  Lair  
  55  4:45  Drone  
  55  4:48  Drone  
  55  4:49  Drone  
  57  4:53  Overlord  
  57  5:04  Zerg Missile Weapons Level 1  
  57  5:07  Drone  
  57  5:08  Drone x4  
  57  5:12  Extractor  
  61  5:19  Roach x3  
  66  5:35  Zerg Ground Armor Level 1  
  66  5:36  Drone  
  66  5:37  Drone x2  
  66  5:38  Drone x3  
  66  5:41  Overlord  
  72  5:45  Overlord  
  72  5:52  Queen  
  72  5:54  Drone  
  75  5:58  Drone x3  
  75  6:01  Glial Reconstitution  
  77  6:28  Drone x7  
  77  6:29  Drone x7  
  88  6:45  Overlord x5  
  90  6:54  Drone x6  
  90  6:58  Extractor  
  90  6:59  Extractor  
  90  7:00  Drone  
  93  7:08  Drone  
  94  7:09  Roach x4  
  94  7:10  Overlord x3  
  94  7:13  Overseer  
  94  7:14  Ravager  
  94  7:15  Ravager x7  
  109  7:22  Drone  
  111  7:26  Zerg Missile Weapons Level 2  
  111  7:29  Zerg Ground Armor Level 2  
  111  7:43  Roach  
  119  7:44  Roach x9  
  131  7:54  Queen  
  131  7:56  Queen  
  131  7:57  Overlord  
  135  7:59  Roach  
  135  8:00  Roach x3  
  143  8:11  Spore Crawler  
  142  8:12  Spore Crawler  
  142  8:13  Spore Crawler  
  142  8:14  Spore Crawler x2  
  142  8:16  Spore Crawler  
  142  8:18  Hydralisk Den, Spore Crawler  
  132  8:20  Roach  
  132  8:21  Roach x2  
  129  8:39  Drone x3  
  125  8:51  Roach  
  125  8:52  Roach x9  
  135  9:06  Roach x3  
  135  9:07  Roach x2  
  126  9:17  Drone x2  
  126  9:21  Muscular Augments  
  94  9:33  Roach  
  94  9:34  Roach x4  
  98  9:46  Drone  
  98  9:47  Drone x4  
  99  9:53  Drone x4  
  99  9:55  Spore Crawler  
  99  9:58  Spore Crawler  
  99  10:02  Hydralisk x4  
  107  10:07  Overseer  
  107  10:09  Drone x2  
  107  10:11  Drone  
  108  10:25  Grooved Spines  
  108  10:26  Hydralisk  
  108  10:27  Hydralisk x3  
  102  10:38  Hydralisk x4  
  102  10:42  Drone  
  111  11:05  Queen  
  111  11:06  Drone x3  
  111  11:07  Drone x4  
  111  11:09  Hydralisk x4  
  128  11:25  Hydralisk  
  128  11:26  Hydralisk x4  
  138  11:40  Overlord x5  
  138  11:53  Overlord  
  138  11:54  Overlord x2  
  132  12:00  Drone x2  
  118  12:17  Hydralisk x3  
  118  12:18  Hydralisk x3  
  118  12:19  Hatchery  
  118  12:22  Extractor x2  
  127  12:34  Hydralisk  
  127  12:35  Hydralisk x6  
  125  12:53  Hydralisk x4  
  125  12:54  Hydralisk x2  
  131  13:06  Hydralisk x4  
Show
View Real Time Build Order
Export as new Build Order

SHIAMYR Zerg 

Build Orders: Hatch First 

Get SALT Encoding   

  12  0:02  Drone  
  13  0:32  Hatchery  
  12  0:51  Spawning Pool  
  11  0:58  Drone x2  
  13  1:08  Overlord  
  13  1:12  Extractor  
  13  1:16  Drone  
  13  1:21  Drone  
  14  1:32  Drone  
  15  1:42  Drone  
  15  1:46  Queen  
  18  1:49  Drone  
  18  1:55  Drone  
  19  2:05  Queen  
  21  2:16  Baneling Nest  
  21  2:18  Drone  
  21  2:22  Zergling x2  
  22  2:29  Zergling x2  
  23  2:30  Zergling x2  
  24  2:37  Zergling x4  
  26  3:04  Drone x2  
  28  3:06  Overlord x2  
  28  3:36  Metabolic Boost  
  28  3:52  Baneling  
  28  3:53  Baneling x4  
  28  4:01  Hatchery, Baneling x2  
  28  4:02  Drone x6  
  28  4:27  Zergling x2, Overlord  
  28  4:29  Zergling x6  
  28  4:30  Zergling x6  
  35  4:39  Drone  
  35  4:40  Lair  
  36  4:46  Overlord  
  36  4:54  Drone x4  
  40  5:01  Drone x2  
  40  5:04  Extractor  
  40  5:06  Extractor  
  40  5:07  Extractor  
  40  5:10  Drone x2  
  41  5:20  Drone x3  
  43  5:33  Drone  
  44  5:38  Drone x3  
  44  5:40  Drone x2  
  49  6:00  Baneling x4  
  48  6:06  Drone x4  
  48  6:07  Spire  
  51  6:13  Spine Crawler  
  51  6:14  Spine Crawler x2  
  51  6:15  Spine Crawler  
  44  6:35  Drone  
  44  6:36  Drone x2  
  44  6:38  Overlord  
  44  6:39  Overlord  
  47  6:47  Spire  
  47  6:52  Drone x2  
  50  6:54  Drone  
  50  7:06  Extractor  
  50  7:07  Extractor  
  48  7:12  Overlord  
  48  7:18  Mutalisk x3  
  48  7:19  Mutalisk x6  
  66  7:23  Drone  
  66  7:24  Drone x5  
  72  7:35  Mutalisk  
  72  7:36  Spine Crawler  
  73  7:37  Spine Crawler  
  73  7:42  Drone x4  
  76  7:58  Hatchery  
  75  8:14  Baneling x5  
  73  8:33  Mutalisk x5  
  81  8:37  Overlord x2  
  81  8:53  Zergling x2  
  81  8:54  Zergling x6  
  81  8:55  Zergling x10  
  73  9:10  Spire  
  67  9:27  Drone  
  67  9:28  Drone x5  
  71  9:34  Zergling x8, Hatchery  
  71  9:35  Zergling x2  
  71  9:38  Zergling x6  
  78  9:44  Zergling x4  
  58  10:37  Mutalisk  
  58  10:38  Mutalisk x8  
  74  10:44  Centrifugal Hooks  
  74  10:45  Queen x2  
  74  10:49  Zergling x2  
  80  10:50  Zergling x2  
  76  11:04  Zergling x6  
  76  11:05  Zergling x4  
  76  11:08  Drone x2  
  76  11:09  Queen  
  85  11:17  Zergling x6  
  88  11:27  Overlord x3  
  88  11:28  Overlord  
  80  11:47  Baneling x4  
  80  11:48  Baneling x2  
  69  11:56  Zergling x2  
  69  11:57  Zergling x16  
  69  12:22  Baneling x5  
  59  12:23  Baneling x2  
  47  12:37  Spawning Pool  
  47  12:39  Hatchery  
Tags
 
Add a new tag
Caveats
  • Supply blocks, unpowered buildings, or Contaminate may cause inaccurate times.
  • Supply counts are checked every 10 seconds.